 Dungeon Crawl Stone Soup version 0.26.0-57-g60708a5e39 (webtiles) character file.

Game seed: 2422585650102372640

32 swilekon the Chopper (level 3, 0/39 HPs)
             Began as an Octopode Monk on Feb 1, 2021.
             Slain by a hobgoblin (2 damage)
             ... led by Robin
             ... on level 2 of the Dungeon.
             The game lasted 00:02:31 (989 turns).

swilekon the Chopper (Octopode Monk)                 Turns: 989, Time: 00:02:32

Health: 0/39       AC:  1    Str: 11    XL:     3   Next: 25%
Magic:  3/3        EV: 14    Int: 12    God:
Gold:   57         SH:  0    Dex: 14    Spells: 2/2 levels left

rFire    . . .     SeeInvis .   a - +0 hand axe
rCold    . . .     Faith    .   (no shield)
rNeg     . . .     Spirit   .   (helmet restricted)
rPois    .         Reflect  .   g - amulet of regeneration
rElec    .         Harm     .   (no ring)
rCorr    .         Rampage  .   (no ring)
Will     .....                  (no ring)
Stlth    ..........             (no ring)
HPRegen  0.53/turn              (no ring)
MPRegen  0.08/turn              (no ring)
                                (no ring)
                                (no ring)

@: berserking, very quick
A: almost no armour, stealthy swim, amphibious, 8 rings, constrict 8, camouflage
1, gelatinous body 1
a: no special abilities


You were on level 2 of the Dungeon.
You visited 1 branch of the dungeon, and saw 2 of its levels.

You collected 57 gold pieces.

Inventory:

Hand Weapons
 a - a +0 hand axe (weapon)
Jewellery
 f - an uncursed amulet of faith
 g - an amulet of regeneration (around mantle)
Scrolls
 b - a scroll of magic mapping {unknown}
 d - a scroll of blinking {unknown}
 e - 2 scrolls of teleportation {unknown}
 h - 2 scrolls of enchant armour {unknown}
Potions
 c - a potion of berserk rage


   Skills:
 + Level 3.3 Fighting
 * Level 3.7 Axes
 + Level 3.3 Dodging
 - Level 2.6 Stealth


You had 2 spell levels left.
You didn't know any spells.
Your spell library was empty.

Dungeon Overview and Level Annotations

Branches:
Dungeon (2/15)

Altars:

Annotations:
D:2 Robin


Innate Abilities, Weirdness & Mutations

You cannot wear most types of armour.
You are very stealthy in the water. (Stealth+)
You are amphibious.
You can wear up to eight rings at the same time.
You can use your tentacles to constrict eight enemies at once.
Your skin changes colour to match your surroundings (Stealth+).
Your rubbery body absorbs attacks. (AC +1, EV +1)


Message History

You hit the hobgoblin. You closely miss the goblin.
You hit the hobgoblin but do no damage.
The goblin hits you with a cursed -3 club.
The hobgoblin barely misses you. The hobgoblin closely misses you.
The goblin misses you. The hobgoblin barely misses you.
The goblin completely misses you.
You hit the goblin.
You kill the goblin!
You closely miss the hobgoblin. You hit the goblin.
You kill the goblin!
You barely miss the hobgoblin. The hobgoblin hits you!
* * * LOW HITPOINT WARNING * * *
The hobgoblin closely misses you. Robin hits you with a +0 whip.
* * * LOW HITPOINT WARNING * * *
Unknown command.
It was a potion of berserk rage.
A red film seems to cover your vision as you go berserk!
You feel yourself moving faster!
You feel mighty! The hobgoblin misses you. The hobgoblin hits you.
You die...

#.............#
.....####.....#
... #....## .
####....#
##.#.###[# ##
#.#.## .# ..
##)#.# #
####.###)#.##
......g@####
###..$gg#
#...)g# #......
#.......
#########


You could see Robin and 3 hobgoblins.

Vanquished Creatures
  An ooze (D:1)
  12 goblins
  5 hobgoblins
  4 bats
  A frilled lizard (D:1)
  A kobold (D:2)
  2 rats
26 creatures vanquished.

Notes
Turn   | Place    | Note
-------+----------+-------------------------------------------
     0 | D:1      | swilekon the Octopode Monk began the quest for the Orb.
     0 | D:1      | Reached XP level 1. HP: 16/16 MP: 1/1
   154 | D:1      | Reached XP level 2. HP: 11/21 MP: 2/2
   975 | D:2      | Reached XP level 3. HP: 26/26 MP: 3/3
   980 | D:2      | Noticed Robin
   988 | D:2      | HP: 1/26 [Robin/+0 whip (5)]
   989 | D:2      | Slain by a hobgoblin

Illustrated notes

Levels and vault maps discovered:
D:1:      ebering_trefoil_3fold, layout_loops_ring
D:2:      cheibrodos_helix_gallery, layout_basic,
          nicolae_overflow_crystal_walls, lemuel_crystal_altar, minivault_4,
          minivault_24, st_stairs_3, uniq_natasha, uniq_crazy_yiuf_cottage,
          uniq_robin

Action                   || total
-------------------------++-------
Melee: Hand axe          ||    47
       Constrict         ||    11
       Tentacles         ||     4
  Use: Potion            ||     1
 Stab: Sleeping          ||     3
Armor: Skin              ||     4
Dodge: Dodged            ||    48
